 Dungeon Crawl Stone Soup version 0.29.1-12-g30fa7ad0bf (webtiles) character file.

Game seed: 1273237481261429652

2016 Radix the Geomancer (level 9, -1/45 HPs)
             Began as a Gargoyle Earth Elementalist on Jan 14, 2023.
             Was an Initiate of Vehumet.
             Slain by a vampire (10 damage)
             ... on level 6 of the Dungeon.
             The game lasted 00:28:04 (6029 turns).

Radix the Geomancer (Gargoyle Earth Elementalist)   Turns: 6029, Time: 00:28:05

Health: -1/45      AC: 12    Str: 11    XL:     9   Next: 22%
Magic:  4/19       EV: 11    Int: 21    God:    Vehumet [......]
Gold:   289        SH:  0    Dex: 10    Spells: 17/21 levels left

rFire   . . .      SeeInvis .   h - +2 spear (vamp)
rCold   . . .      Faith    .   (no shield)
rNeg    + . .      Spirit   .   a - +0 robe
rPois   ∞          Reflect  .   (no helmet)
rElec   +          Harm     .   c - +1 cloak {Stlth+}
rCorr   .          Rampage  .   l - +1 pair of gloves
Will    .....                   (no boots)
Stlth   +++.......              (no amulet)
HPRegen 0.15/turn               (no ring)
MPRegen 0.16/turn               (no ring)

@: no status effects
A: sickness immunity, AC +6, negative energy resistance 1, electricity
resistance, torment resistance 1, petrification resistance
a: Renounce Religion


You were on level 6 of the Dungeon.
You worshipped Vehumet.
Vehumet was noncommittal.
You visited 2 branches of the dungeon, and saw 7 of its levels.

You collected 325 gold pieces.
You spent 36 gold pieces at shops.

Inventory:

Hand Weapons
 h - a +2 vampiric spear (weapon)
 m - a +1 whip of flaming
 u - a +0 whip
Armour
 a - a +0 robe (worn)
 c - a +1 cloak of stealth (worn)
 i - a +0 cloak
 l - a +1 pair of gloves (worn)
Wands
 p - a wand of roots (2) (quivered)
 s - a wand of polymorph (13)
 v - a wand of mindburst (28)
Scrolls
 k - a scroll of immolation
 o - a scroll of identify
 w - 2 scrolls of teleportation
Potions
 b - 3 potions of magic
 d - 2 potions of resistance
 e - 2 potions of berserk rage
 f - 4 potions of curing
 g - a potion of brilliance {unknown}
 j - a potion of lignification {unknown}
 n - 4 potions of might {unknown}
 q - a potion of flight {unknown}
 r - a potion of heal wounds {unknown}


   Skills:
 - Level 1.5 Dodging
 - Level 2.1 Stealth
 + Level 6.7 Spellcasting
 + Level 6.8 Conjurations
 - Level 0.7 Transmutations
 + Level 9.1 Earth Magic


You had 17 spell levels left.
You knew the following spells:

 Your Spells              Type           Power      Damage    Failure   Level
a - Sandblast             Erth           90%        2d19      1%          1
b - Stone Arrow           Conj/Erth      80%        3d12      1%          3

Your spell library contained the following spells:

 Spells                   Type           Power      Damage    Failure   Level
 Passwall                 Tmut/Erth      22%        N/A       1%          2
 Apportation              Tloc           14%        N/A       9%          1
 Freeze                   Ice            28%        1d5       9%          1
 Petrify                  Tmut/Erth      27%        N/A       12%         4
 Ensorcelled Hibernation  Hex/Ice        14%        N/A       14%         2
 Hailstorm                Conj/Ice       21%        3d6       22%         4
 Frozen Ramparts          Ice            14%        1d3       26%         3
 Ozocubu's Armour         Ice            7%         N/A       26%         3
 Swiftness                Air            7%         N/A       26%         3
 Alistair's Intoxication  Tmut/Pois      5%         N/A       91%         5
 Ozocubu's Refrigeration  Ice            3%         4d8       100%        7


Dungeon Overview and Level Annotations

Branches:
Dungeon (6/15)             Temple (1/1) D:5

Altars:
Ashenzari
Cheibriados
Dithmenos
Elyvilon
Fedhas
Kikubaaqudgha
Makhleb
Nemelex Xobeh
Okawaru
Qazlal
Ru
Sif Muna
Trog
Uskayaw
Vehumet
Xom
Yredelemnul
The Shining One

Shops:
D:4 *


Innate Abilities, Weirdness & Mutations

You are immune to sickness and miasma.
Your stone body is resilient. (AC +6)
You are immune to poison.
You resist negative energy. (rN+)
You are resistant to electric shocks. (rElec)
You are resistant to unholy torment.
You are immune to petrification.


Message History

Something tries to affect you, but you resist.
You hit something but do no damage.
You hear some strange, mumbled words.
Something tries to affect you, but you resist.
You closely miss something. Something hits you! Something bites you!
You closely miss something. Something hits you but does no damage.
Something bites you!
Casting: Stone Arrow (safe; 1% risk of failure)
Confirm with . or Enter, or press ? or * to list all spells.
You can't see any susceptible monsters within range! (Use Z to cast anyway.)
There is a strange disturbance nearby!
Casting: Stone Arrow (safe; 1% risk of failure)
Confirm with . or Enter, or press ? or * to list all spells.
You can't see any susceptible monsters within range! (Use Z to cast anyway.)
Casting: Stone Arrow (safe; 1% risk of failure)
Confirm with . or Enter, or press ? or * to list all spells.
You don't know that spell.
Casting: Stone Arrow (safe; 1% risk of failure)
Confirm with . or Enter, or press ? or * to list all spells.
You can't see any susceptible monsters within range! (Use Z to cast anyway.)
Casting: Stone Arrow (safe; 1% risk of failure)
Confirm with . or Enter, or press ? or * to list all spells.
You don't know that spell.
Casting: Stone Arrow (safe; 1% risk of failure)
Confirm with . or Enter, or press ? or * to list all spells.
Aiming: Sandblast (safe; 1% risk of failure)
Press: ? - help, Shift-Dir - straight line, f - you The blast of sand hits something but does no damage.
Something hits you. Something bites you. Something hits you.
* * * LOW HITPOINT WARNING * * *
Something bites you.
* * * LOW HITPOINT WARNING * * *
You feel better. Something hits you.
* * * LOW HITPOINT WARNING * * *
Something bites you but does no damage.
Unknown command.
As you read the scroll labelled ERRICKAEMI, it crumbles to dust.
You hear the tinkle of a tiny bell.
It was a scroll of butterflies.
Something hits you!
You die...

.## .# .# ## . .# ##.
.# #.. .## #.# ..# ..
#b# #.####...# #{#
#...##.#.# ####@#####
###.##.#.# #.bbbbb..#
###....#.####.bbbbb..#
.......#.##........<(#
###..#.#....#....<...#
#..#.#..############
###.......#
.....##...#
#...###...#


There were no monsters in sight!

Vanquished Creatures
  Pikel (D:5)
  Grinder (D:6)
  Eustachio (D:5)
  A water moccasin (D:4)
  A black bear (D:6)
  2 ice beasts (D:6)
  2 ogres (D:6)
  A centaur (D:5)
  A lemure (D:5)
  2 necrophages
  2 scorpions (D:5)
  A jelly (D:5)
  2 hounds
  3 iguanas
  8 adders
  A shadow imp (D:6)
  A white imp (D:6)
  2 ufetubi (D:6)
  A worm (D:3)
  6 dart slugs
  9 orcs
  7 ball pythons
  5 bats
  2 endoplasms
  2 giant cockroaches
  12 goblins
  22 hobgoblins
  7 jackals
  5 kobolds
  5 quokkas
  6 frilled lizards
  7 rats
129 creatures vanquished.

Vanquished Creatures (others)
  A plant (D:4)
1 creature vanquished.

Grand Total: 130 creatures vanquished

Notes
Turn   | Place    | Note
-------+----------+-------------------------------------------
     0 | D:1      | Radix the Gargoyle Earth Elementalist began the quest for
                  | the Orb.
     0 | D:1      | Reached XP level 1. HP: 10/10 MP: 3/3
   192 | D:1      | Reached skill level 4 in Earth Magic
   192 | D:1      | Reached XP level 2. HP: 15/15 MP: 1/5
   387 | D:1      | Reached XP level 3. HP: 19/19 MP: 3/6
  1384 | D:2      | Reached XP level 4. HP: 24/24 MP: 4/8
  1511 | D:2      | Found a faded altar of an unknown god.
  1813 | D:2      | Reached skill level 5 in Earth Magic
  2028 | D:2      | Learned a level 3 spell: Stone Arrow
  2314 | D:3      | Noticed a necrophage
  2374 | D:3      | Found an iron altar of Okawaru.
  2457 | D:3      | Reached skill level 1 in Conjurations
  2457 | D:3      | Reached XP level 5. HP: 28/28 MP: 8/10
  3004 | D:3      | Reached XP level 6. HP: 21/32 MP: 7/11
  3180 | D:3      | Found a snail-covered altar of Cheibriados.
  3584 | D:4      | Found an ancient bone altar of Kikubaaqudgha.
  3632 | D:4      | Found Eclick's Assorted Antiques.
  3655 | D:4      | Bought a scroll labelled GOOCUC VIO for 18 gold pieces
  3655 | D:4      | Bought a scroll labelled NELOOTHRUFAO for 18 gold pieces
  3721 | D:4      | Reached skill level 6 in Earth Magic
  3832 | D:4      | Noticed a water moccasin
  3867 | D:4      | Killed a water moccasin
  3871 | D:4      | Reached XP level 7. HP: 25/36 MP: 3/13
  4201 | D:4      | Found a blossoming altar of Fedhas.
  4370 | D:5      | Entered Level 5 of the Dungeon
  4467 | D:5      | Noticed Eustachio
  4666 | D:5      | Killed Eustachio
  4667 | D:5      | Reached skill level 5 in Spellcasting
  4667 | D:5      | Reached skill level 7 in Earth Magic
  4766 | D:5      | Reached XP level 8. HP: 33/41 MP: 9/15
  4908 | D:5      | Noticed Pikel
  4917 | D:5      | Killed Pikel
  4918 | D:5      | Reached skill level 5 in Conjurations
  4918 | D:5      | Reached skill level 8 in Earth Magic
  5181 | D:5      | Found a staircase to the Ecumenical Temple.
  5188 | Temple   | Entered the Ecumenical Temple
  5265 | Temple   | Became a worshipper of Vehumet
  5742 | D:6      | Reached XP level 9. HP: 45/45 MP: 12/18
  5811 | D:6      | Reached skill level 9 in Earth Magic
  6011 | D:6      | Noticed Grinder
  6017 | D:6      | Killed Grinder
  6029 | D:6      | Slain by a vampire

Illustrated notes

Levels and vault maps discovered:
D:1:      amcnicky_arrival_abandoned_market, layout_basic, hex_large,
          minmay_indecisive_spiral
D:2:      layout_basic, hellmonk_ecumenical_altar_inner_sanctum
D:3:      layout_loops_ring, kennysheep_okawaru_gauntlet, marbit_many_paths,
          roderic_serpentine_path
D:4:      cheibrodos_barr_body, layout_rooms, general_overflow_altar,
          mainiacjoe_overflow_concentric_impassable, serial_shops,
          nicolae_shop_overgrown_old_shop
D:5:      layout_rooms, temple_green, uniq_eustachio, uniq_pikel
D:6:      layout_rooms, ebering_ghost_inner_flame, uniq_grinder
Temple:   nicolae_temple_superstar

Skill      XL: |  1  2  3  4  5  6  7  8  9 |
---------------+----------------------------+-----
Earth Magic    | 4 5 6 7 8 9 |  9.1
Spellcasting   | 3 4 5 6 |  6.7
Conjurations   | 1 2 3 4 6 |  6.8
Dodging        | |  1.5
Stealth        | |  2.1
Transmutations | |  0.7

Action                   |  1- 3 |  4- 6 |  7- 9 || total
-------------------------+-------+-------+-------++-------
Melee: Mace              |    11 |       |       ||    11
       Spear             |     3 |    28 |    38 ||    69
       Punch             |       |       |     1 ||     1
 Cast: Sandblast         |    49 |    70 |    59 ||   178
       Stone Arrow       |       |       |    18 ||    18
Evoke: Wand              |       |     2 |     2 ||     4
  Use: Scroll            |     4 |     4 |     7 ||    15
       Potion            |       |       |     1 ||     1
Armor: Robe              |     6 |    16 |    30 ||    52
Dodge: Dodged            |    12 |    35 |    53 ||   100
